 Dungeon Crawl Stone Soup version 0.27.1-34-g3ba077fa99 (webtiles) character file.

Game seed: 7120539692587412281

7408 mcbry74 the Cleaver (level 10, -8/84 HPs)
             Began as a Minotaur Berserker on Jan 27, 2022.
             Was a High Priest of Trog.
             Killed by an exploding Rupert (16 damage)
             ... ignited by their inner flame
             ... on level 12 of the Dungeon.
             The game lasted 00:35:42 (10610 turns).

mcbry74 the Cleaver (Minotaur Berserker)           Turns: 10610, Time: 00:35:43

Health: -8/84      AC: 10    Str: 25    XL:     10   Next: 92%
Magic:  9/9        EV: 13    Int:  4    God:    Trog [*****.]
Gold:   124        SH:  5    Dex: 16    Spells: 9/9 levels left

rFire    + . .     SeeInvis .   L - +3 morningstar (drain)
rCold    . . .     Faith    .   (no shield)
rNeg     . . .     Spirit   .   H - +0 swamp dragon scales
rPois    +         Reflect  +   (helmet restricted)
rElec    .         Harm     .   (no cloak)
rCorr    .         Rampage  .   (no gloves)
Will     .....                  C - +0 pair of boots
Stlth    +.........             y - amulet of reflection
HPRegen  0.24/turn              g - ring of protection from fire
MPRegen  0.11/turn              t - +6 ring of dexterity

@: no status effects
A: horns 2, retaliatory headbutt
a: Renounce Religion, Berserk, Trog's Hand, Brothers in Arms


You were on level 12 of the Dungeon.
You worshipped Trog.
Trog was extremely pleased with you.
You visited 1 branch of the dungeon, and saw 10 of its levels.

You collected 442 gold pieces.
You spent 318 gold pieces at shops.

Inventory:

Hand Weapons
 a - a +0 hand axe
 e - a +0 whip of venom
 r - a +0 war axe
 w - a +2 flail of draining
 E - a +0 flail of protection
 L - a +3 morningstar of draining (weapon)
Missiles
 B - 21 poisoned darts
 G - a throwing net
 I - 18 boomerangs (quivered)
Armour
 b - a +0 animal skin
 q - a +0 leather armour of poison resistance
 C - a +0 pair of boots (worn)
 F - a +0 plate armour
 H - +0 swamp dragon scales (worn)
 M - a +2 robe of fire resistance
 Q - a +2 scale mail of cold resistance
Jewellery
 g - a ring of protection from fire (left hand)
 t - a +6 ring of dexterity (right hand)
 y - an amulet of reflection (around neck)
 O - a +4 ring of evasion
 U - a ring of protection from cold
Wands
 n - a wand of flame (18)
 p - a wand of acid (14)
 x - a wand of mindburst (29)
 D - a wand of digging (3)
 N - a wand of polymorph (11)
 S - a wand of iceblast (8)
 T - a wand of paralysis (4)
Scrolls
 f - a scroll of blinking {unknown}
 h - a scroll of torment
 i - a scroll of magic mapping {unknown}
 k - 2 scrolls of immolation
 l - a scroll of enchant armour
 m - 5 scrolls of amnesia
 u - 4 scrolls of teleportation
 v - a scroll of fog
 K - a scroll of noise
 P - a scroll of holy word {unknown}
Potions
 c - a potion of cancellation {unknown}
 d - a potion of ambrosia {unknown}
 j - 3 potions of lignification
 o - a potion of mutation {unknown}
 s - 2 potions of curing
 z - a potion of haste {unknown}
 A - a potion of might {unknown}
 J - 2 potions of attraction


   Skills:
 + Level 6.5 Fighting
 + Level 11.9(13.5) Axes
 + Level 11.1(13.1) Maces & Flails
 + Level 4.1 Throwing
 + Level 5.8 Armour
 + Level 5.3 Dodging
 + Level 3.9 Evocations


You had 9 spell levels left.
You didn't know any spells.
Your spell library was empty.

Dungeon Overview and Level Annotations

Branches:
Dungeon (9/15)             Temple (0/1) D:6
   Lair: D:8-11         Orc: D:9-12

Altars:
Cheibriados
Elyvilon
Fedhas
Kikubaaqudgha
Okawaru
Qazlal
Uskayaw
Vehumet

Shops:
D:2 *!=*   D:3 :   D:4 (   D:8 *

Annotations:
D:4 1 runed translucent door, Crazy Yiuf
D:9 2 transporters, Zappman123's ghost, novice PaAK


Innate Abilities, Weirdness & Mutations

You have a pair of horns on your head.
You reflexively headbutt those who attack you in melee.


Message History

Rupert is severely wounded.
Rupert is engulfed in blazing flames.
Flame seeps out of Rupert.
Throw: 18 boomerangs
Press: ? - help, Q - select action, (/) - cycle Shift-Dir - straight line, f/p - Rupert
Aim: Rupert, wielding a +4 great sword of holy wrath and wearing a +0 leather armour (severely wounded, inner flame, 65% to hit)
You throw a boomerang. The boomerang barely misses Rupert.
Rupert roars madly and goes into a rage!
Rupert goes berserk!
A slime creature comes into view.
Throw: 18 boomerangs
Press: ? - help, Q - select action, (/) - cycle Shift-Dir - straight line, f/p - Rupert
Aim: Rupert, wielding a +4 great sword of holy wrath and wearing a +0 leather armour (severely wounded, berserk, inner flame, 65% to hit)
You throw a boomerang. The boomerang hits Rupert.
Flame seeps out of Rupert.
Rupert is severely wounded.
Rupert is engulfed in blazing flames.
Flame seeps out of Rupert.
Rupert hits you with a +4 great sword of holy wrath.
You hear an angry buzzing noise.
Rupert hits you with a +4 great sword of holy wrath!!
The slime creature is engulfed in blazing flames.
You barely miss Rupert.
Rupert is severely wounded.
Rupert barely misses you. You furiously retaliate!
You headbutt Rupert.
Flame seeps out of Rupert.
You hit Rupert.
Flame seeps out of Rupert. x2; You headbutt Rupert!
Rupert is severely wounded.
Rupert is engulfed in blazing flames.
Flame seeps out of Rupert.
Rupert hits you with a +4 great sword of holy wrath!
A slime creature comes into view.
You impale Rupert!!
Flame seeps out of Rupert.
Rupert is almost dead.
Rupert is engulfed in blazing flames.
Flame seeps out of Rupert.
Rupert hits you with a +4 great sword of holy wrath!!!
* * * LOW HITPOINT WARNING * * *
Rupert is engulfed in blazing flames.
Trog accepts your kill.
Rupert explodes!
The fiery explosion engulfs the slime creature!!!
The slime creature is severely wounded.
The fiery explosion engulfs you! You resist.
You die...

##.......#..##..##
..J..............#
.h..............##
................#
.h....J.........#
.............#.##
.#J.....###
##°##..## #§§@#..#
###....# ###.##
###


You could see 3 slime creatures.

Vanquished Creatures
  Rupert (D:12)
  An ugly thing (D:8)
  Maggie (D:6)
  A komodo dragon (D:12)
  A troll (D:9)
  Grinder (D:3)
  15 yaks
  A wyvern (D:7)
  Edmund (D:6)
  A steam dragon (D:9)
  2 water moccasins
  Duvessa (D:4)
  A necrophage (D:5)
  An orc warrior (D:8)
  2 black bears
  2 ogres
  4 centaurs
  3 phantoms
  A kobold brigand (D:7)
  3 bullfrogs
  2 scorpions
  A wyvern skeleton (D:7)
  Dowan (D:4)
  8 killer bees (D:8)
  8 wights (D:8)
  2 howler monkeys (D:12)
  A centaur zombie (D:9)
  A gnoll shaman (D:6)
  4 hounds
  2 bullfrog skeletons
  2 centaur skeletons (D:6)
  2 jellies
  3 iguanas
  An orc wizard (D:3)
  2 hound skeletons (D:4)
  2 howler monkey zombies
  Robin (D:2)
  6 adders
  12 gnolls
  A shadow imp (D:6)
  3 white imps
  An ufetubus (D:4)
  4 worms
  A dart slug (D:1)
  14 orcs
  10 endoplasms
  2 giant cockroaches
  16 goblins
  4 hobgoblins
  3 jackals (D:1)
  5 quokkas
  6 ball pythons
  7 bats
  A frilled lizard (D:2)
  12 kobolds
  A quokka skeleton (D:4)
  8 rats
204 creatures vanquished.

Vanquished Creatures (others)
  A withered plant (D:6)
1 creature vanquished.

Grand Total: 205 creatures vanquished

Notes
Turn   | Place    | Note
-------+----------+-------------------------------------------
     0 | D:1      | mcbry74 the Minotaur Berserker began the quest for the Orb.
     0 | D:1      | Reached XP level 1. HP: 19/19 MP: 0/0
    21 | D:1      | Noticed a minotaur skeleton
   164 | D:1      | Reached XP level 2. HP: 26/26 MP: 1/1
   390 | D:1      | Reached skill level 1 in Maces & Flails
   398 | D:1      | Reached ** piety under Trog
   706 | D:2      | Reached XP level 3. HP: 26/31 MP: 2/2
   722 | D:2      | Reached skill level 5 in Axes
   901 | D:2      | Found Orogenish's General Store.
   968 | D:2      | Noticed Robin
   980 | D:2      | Killed Robin
   984 | D:2      | Reached XP level 4. HP: 34/39 MP: 3/3
  1228 | D:2      | Found Xogor's Jewellery Shoppe.
  1258 | D:2      | Found Vunajuth's Distillery.
  1266 | D:2      | Bought a potion of degeneration for 10 gold pieces
  1661 | D:2      | Found Guabucas's Assorted Antiques.
  1999 | D:3      | Reached XP level 5. HP: 45/45 MP: 4/4
  2224 | D:3      | Found Ucuebid's Book Boutique.
  2907 | D:3      | Found a faded altar of an unknown god.
  2917 | D:3      | Reached *** piety under Trog
  3115 | D:3      | Found an iron altar of Okawaru.
  3232 | D:3      | Found a white marble altar of Elyvilon.
  3245 | D:3      | Found a hide-covered altar of Uskayaw.
  3619 | D:4      | Noticed Grinder
  3619 | D:4      | Noticed Duvessa
  3621 | D:4      | Noticed Dowan
  3627 | D:3      | Killed Grinder
  3628 | D:3      | Reached skill level 5 in Maces & Flails
  3628 | D:3      | Reached XP level 6. HP: 43/51 MP: 5/5
  3761 | D:4      | HP: 2/51 [Duvessa (1)]
  4086 | D:4      | Found Cenif's Weapon Shoppe.
  4103 | D:4      | Killed Dowan
  4104 | D:4      | Reached XP level 7. HP: 57/57 MP: 6/6
  4208 | D:4      | Killed Duvessa
  4911 | D:4      | Noticed a yak
  4930 | D:4      | Killed a yak
  5032 | D:4      | Reached XP level 8. HP: 29/64 MP: 7/7
  5311 | D:4      | Found a runed translucent door.
  5312 | D:4      | Noticed Crazy Yiuf
  5484 | D:5      | Entered Level 5 of the Dungeon
  5837 | D:5      | Reached skill level 10 in Axes
  5926 | D:5      | Reached **** piety under Trog
  6193 | D:6      | Noticed Edmund
  6218 | D:6      | Killed Edmund
  6673 | D:6      | Noticed Maggie
  6693 | D:6      | Killed Maggie
  6694 | D:6      | Reached XP level 9. HP: 34/70 MP: 8/8
  6980 | D:6      | Reached skill level 10 in Maces & Flails
  7004 | D:6      | Found an ancient bone altar of Kikubaaqudgha.
  7004 | D:6      | Found a blossoming altar of Fedhas.
  7075 | D:6      | Found a staircase to the Ecumenical Temple.
  7584 | D:7      | Reached skill level 1 in Throwing
  7584 | D:7      | Reached skill level 1 in Evocations
  7824 | D:7      | Found a radiant altar of Vehumet.
  8663 | D:8      | Reached skill level 5 in Fighting
  8767 | D:8      | Reached XP level 10. HP: 79/81 MP: 9/9
  9188 | D:8      | Found a snail-covered altar of Cheibriados.
  9217 | D:8      | Found Wepp's Assorted Antiques.
  9237 | D:8      | Bought a scroll labelled UMODAI GUPNOI for 28 gold pieces
  9237 | D:8      | Bought a scroll labelled WADDEI XEDEKUT for 28 gold pieces
  9237 | D:8      | Bought a jewelled glass wand for 112 gold pieces
  9237 | D:8      | Bought a glowing agate ring for 140 gold pieces
  9471 | D:8      | Noticed a green ugly thing
  9480 | D:8      | Killed a green ugly thing
  9628 | D:9      | Reached skill level 5 in Armour
  9776 | D:9      | Noticed a two-headed ogre
  9778 | D:9      | Noticed a deep elf archer
  9778 | D:9      | Noticed Zappman123's ghost (novice PaAK)
  9779 | D:9      | Found a transporter.
  9787 | D:9      | Found a transporter.
  9834 | D:9      | Found a stormy altar of Qazlal.
  9874 | D:9      | Noticed a lindwurm
  9920 | D:9      | Noticed a lindwurm
  9986 | D:9      | Reached ***** piety under Trog
  9987 | D:9      | Reached skill level 5 in Dodging
 10213 | D:9      | Noticed a lindwurm
 10219 | D:9      | Noticed a lindwurm
 10428 | D:9      | You fall into a shaft and drop 3 floors!
 10599 | D:12     | Noticed Rupert
 10610 | D:12     | Killed Rupert
 10610 | D:12     | Killed by an exploding Rupert... ignited by their inner
                  | flame

Illustrated notes

Levels and vault maps discovered:
D:1:      shiori_arrival_whats_in_store_for_you, layout_basic
D:2:      layout_basic, serial_shops, nicolae_shop_waterfront,
          nicolae_shop_crystal, shop, shop, uniq_robin
D:3:      layout_basic, okawaru_gym_becter, jmf_multi_god_temple, serial_shops,
          shop, shapermc_ecumenical_altar_flowoftime, kennysheep_cross_room,
          hangedman_decor_peaks_small
D:4:      cheibrodos_barr_body, layout_cave_pools, serial_shops, shop,
          uniq_crazy_yiuf_cottage, uniq_grinder, uniq_duvessa
D:5:      layout_rooms
D:6:      cheibrodos_iron_armory, layout_basic,
          grunt_temple_overflow_growth_and_decay, minmay_temple_entry_overgrown,
          uniq_edmund, uniq_maggie
D:7:      layout_loops_corners, vehumet_altar_wand_db
D:8:      layout_basic, mainiacjoe_overflow_alcove_2, serial_shops, shop
D:9:      layout_roguey, nicolae_qazlal_style_of_elements,
          gammafunk_ghost_arena, minmay_lindwurm_lava
D:12:     layout_cave_pools, uniq_azrael, uniq_sonja, uniq_rupert

Skill      XL: |  1  2  3  4  5  6  7  8  9 10 |
---------------+-------------------------------+-----
Axes           | 4 5 7 9 10 11 | 11.9
Maces & Flails | 1 2 3 5 7 9 10 11 | 11.1
Fighting       | 5 6 |  6.5
Throwing       | 2 4 |  4.1
Armour         | 4 5 |  5.8
Evocations     | 2 3 |  3.9
Dodging        | 3 5 |  5.3

Action                   |  1- 3 |  4- 6 |  7- 9 | 10-12 || total
-------------------------+-------+-------+-------+-------++-------
Melee: Hand axe          |    14 |       |       |       ||    14
       Headbutt          |     5 |    22 |    94 |    26 ||   147
       Whip              |    44 |   115 |   317 |     4 ||   480
       Morningstar       |       |       |       |   103 ||   103
       Flail             |       |       |       |    19 ||    19
Throw: Dart              |       |       |     3 |       ||     3
       Boomerang         |       |       |       |     9 ||     9
Invok: Berserk           |       |     2 |     2 |       ||     4
       Trog's Hand       |       |       |     1 |     1 ||     2
Evoke: Wand              |       |       |     1 |       ||     1
  Use: Scroll            |       |       |       |    13 ||    13
 Stab: Sleeping          |     2 |       |       |       ||     2
Armor: Animal skin       |     8 |    10 |       |       ||    18
       Leather armour    |       |       |    22 |       ||    22
       Swamp dragon scal |       |       |    28 |    30 ||    58
Dodge: Dodged            |    32 |    59 |    98 |    53 ||   242
Block: Other             |       |       |    33 |    23 ||    56
       Reflection        |       |       |       |     1 ||     1
